 Dungeon Crawl Stone Soup version 0.32-a0-918-g0f22ef8d61 (webtiles) character file.

Game seed: 9852562550780914083

165679 Autsider the Wrestler (level 17, -5/178 HPs)
             Began as a Troll Fighter on Apr 10, 2024.
             Was the Champion of Wu Jian.
             Constricted to death by a nagaraja (9 damage)
             ... on level 4 of the Snake Pit.
             The game lasted 01:26:13 (23882 turns).

Autsider the Wrestler (Troll Fighter)              Turns: 23882, Time: 01:26:13

Health: -5/178     AC: 24    Str: 30    XL:     17   Next: 28%
Magic:  16/16      EV: -4    Int:  6    God:    Wu Jian [******]
Gold:   1933       SH: 18    Dex: 13    Spells: 16/16 levels left

rFire   + +          +
                       - Unarmed
rCold   + + .        X - +5 Storm Queen's Shield {shock, Fly rElec}
rNeg    . . .        K - +6 gold dragon scales
rPois   +            R - +2 hat {Stlth+}
rElec   +            H - scarf "Ybra" {repulsion, rF+ Str+2}
rCorr   .            (gloves unavailable)
SInv    .            (boots unavailable)
Will    +....        k - amulet of regeneration Stlth
                     d - ring of protection from fire
HPRegen 2.09/turn    y - ring of protection from cold
MPRegen 0.15/turn

%: repel missiles
@: lethally poisoned (-5 -> -30), untranslocatable, flying, slowed, constricted,
very slow
A: large, unfitting armour, claws 3, regeneration 1, shaggy fur 1, tough skin 1
a: Renounce Religion, Wall Jump, Serpent's Lash, Heavenly Storm


You were on level 4 of the Snake Pit.
You worshipped Wu Jian.
Wu Jian was exalted by your worship.
You visited 5 branches of the dungeon, and saw 27 of its levels.
You also visited: Bailey, Gauntlet and Volcano.

You collected 3032 gold pieces.
You spent 1099 gold pieces at shops.

Inventory:

Hand Weapons
 p - the +5 dagger "Meuttae" {vamp, rF+ rCorr SInv}
   (You found it on level 3 of the Dungeon)

   rF+:       It protects you from fire.
   SInv:      It lets you see invisible.
   rCorr:     It protects you from acid and corrosion.
Missiles
 x - a throwing net (quivered)
Armour
 b - a +2 cloak of fire resistance
 D - the +5 robe of Zin's Castigation {^Drain Str+2 Int+3}
   (You took it off an orc wizard on level 8 of the Dungeon)

   Str+2:     It affects your strength (+2).
   Int+3:     It affects your intelligence (+3).
   ^Drain:    It drains your maximum health when unequipped.
 G - a +2 tower shield of poison resistance
 H - the scarf "Ybra" (worn) {repulsion, rF+ Str+2}
   (You acquired it on level 9 of the Dungeon)

   Str+2:     It affects your strength (+2).
   rF+:       It protects you from fire.
 I - a +2 robe of willpower
 K - +6 gold dragon scales (worn)
 M - the +2 tower shield of Polish {+Inv rC+ rN+ MP-9}
   (You acquired it on level 9 of the Dungeon)

   rC+:       It protects you from cold.
   rN+:       It protects you from negative energy.
   MP-9:      It affects your magic capacity (-9).
   +Inv:      It lets you turn invisible.
 R - a +2 hat of stealth (worn)
 X - the +5 Storm Queen's Shield (worn) {shock, Fly rElec}
   (You bought it in a shop on level 12 of the Dungeon)

   Shock:     When it blocks an attack, it may electrocute the attacker.
   This works even against foes who are a short distance away.
   rElec:     It insulates you from electricity.
   Fly:       It grants you flight.
Jewellery
 d - a ring of protection from fire (left claw)
 k - an amulet of regeneration (around neck)
 l - a ring of resist corrosion
 n - a +6 ring of intelligence
 t - a ring of protection from cold
 y - a ring of protection from cold (right claw)
 P - a ring of willpower
 W - a ring of willpower
Talismans
 m - a granite talisman
 z - a talisman of death
Wands
 q - a wand of paralysis (23)
 B - a wand of warping (19)
 E - a wand of acid (11)
 F - a wand of mindburst (21)
 O - a wand of digging (6)
 Y - a wand of polymorph (1)
Scrolls
 c - a scroll of torment
 i - 3 scrolls of fog
 j - 2 scrolls of vulnerability
 r - 2 scrolls of blinking
 s - 2 scrolls of immolation
 u - 3 scrolls of amnesia
 w - 3 scrolls of poison
 A - 4 scrolls of silence
 J - 2 scrolls of brand weapon
 L - 10 scrolls of teleportation {@r2}
 N - a scroll of summoning
 S - 3 scrolls of fear
 T - a scroll of revelation
 U - 2 scrolls of identify {@r1}
Potions
 a - 2 potions of haste
 e - a potion of berserk rage {unknown}
 g - 3 potions of enlightenment
 h - 7 potions of curing {@q1}
 o - 2 potions of might
 v - 6 potions of magic
 C - 9 potions of invisibility
 Q - 3 potions of lignification
 V - 2 potions of cancellation


   Skills:
 + Level 13.5 Fighting
 + Level 4.7 Armour
 - Level 10.0 Dodging
 - Level 16.0 Shields
 - Level 22.0 Unarmed Combat
 * Level 5.2 Shapeshifting


You had 16 spell levels left.
You didn't know any spells.
Your spell library contained the following spells:

 Spells                   Type           Power      Damage    Failure   Level
 Kiss of Death            Conj/Necr      0%         2d5       100%        1
 Sting                    Conj/Alch      0%         1d3       100%        1
 Summon Small Mammal      Summ           0%         N/A       100%        1
 Call Imp                 Summ           0%         N/A       100%        2
 Ensorcelled Hibernation  Hex/Ice        0%         N/A       100%        2
 Call Canine Familiar     Summ           0%         N/A       100%        3
 Confusing Touch          Hex            0%         N/A       100%        3
 Fugue of the Fallen      Necr           0%         N/A       100%        3
 Inner Flame              Hex/Fire       0%         N/A       100%        3
 Sigil of Binding         Hex            0%         N/A       100%        3
 Stone Arrow              Conj/Erth      0%         3d7       100%        3
 Volatile Blastmotes      Fire/Tloc      0%         2d10      100%        3
 Anguish                  Hex/Necr       0%         N/A       100%        4
 Animate Armour           Summ/Erth      0%         N/A       100%        4
 Dispel Undead            Necr           0%         3d6       100%        4
 Fulminant Prism          Conj/Alch      0%         3d5       100%        4
 Ignite Poison            Fire/Alch      0%         N/A       100%        4
 Iskenderun's Mystic Bla Conj/Tloc 0%             2d3        (+2d1     100%        4
 Olgreb's Toxic Radiance  Alch           0%         N/A       100%        4
 Sticky Flame             Fire/Alch      0%         2d4       100%        4
 Summon Blazeheart Golem  Fire/Summ      0%         N/A       100%        4
 Borgnjor's Vile Clutch   Necr/Erth      0%         N/A       100%        5
 Freezing Cloud           Conj/Ice/Air   0%         6-21      100%        5
 Irradiate                Conj/Alch      0%         3d11      100%        5
 Lee's Rapid Deconstruct  Erth           0%         3d4*      100%        5
 Death Channel            Necr           0%         N/A       100%        6
 Sculpt Simulacrum        Ice/Alch       0%         N/A       100%        6
 Haunt                    Necr/Summ      0%         N/A       100%        7
 Malign Gateway           Summ/Tloc      0%         N/A       100%        7
 Ozocubu's Refrigeration  Ice            0%         4d7       100%        7
 Discord                  Hex            0%         N/A       100%        8
 Ignition                 Fire           0%         3d3       100%        8
 Lehudib's Crystal Spear  Conj/Erth      0%         10d2      100%        8
 Summon Horrible Things   Summ           0%         N/A       100%        8


Dungeon Overview and Level Annotations

Branches:
Dungeon (15/15)            Temple (1/1) D:4            Lair (5/5) D:9
 Shoals (0/4) Lair:2        Snake (4/4) Lair:2        Slime (0/5) Lair:5
    Orc (2/2) D:10            Elf (0/3) Orc:2        Vaults (0/5) D:13
 Depths (0/4) D:15         Bailey (visited)         Volcano (visited)
Gauntlet (visited)

Altars:
Ashenzari
Cheibriados
Dithmenos
Elyvilon
Fedhas
Gozag
Hepliaklqana
Kikubaaqudgha
Makhleb
Nemelex Xobeh
Okawaru
Qazlal
Ru
Sif Muna
Trog
Uskayaw
Vehumet
Wu Jian
Xom
Yredelemnul
Zin
The Shining One
Beogh
Jiyva

Shops:
D:3 *   D:5 *   D:8 (   D:11 **?   D:12 [   D:13 :   Orc:1 !   Orc:2 :=(!
Snake:1 *?!(   Snake:2 =:=

Portals:
Hell: Lair:5

Annotations:
D:3 3 runed translucent doors, senseless's ghost, amateur MiFi


Innate Abilities, Weirdness & Mutations

You are too large for most types of armour.
You have claws for hands.
Your natural rate of healing is unusually fast.
You are covered in fur. (AC +1)
You have tough skin. (AC +1)


Message History

* * * LOW HITPOINT WARNING * * *
You feel extremely sick.
* * * LOW HITPOINT WARNING * * *
You are more poisoned.
* * * LOW HITPOINT WARNING * * *
You are more poisoned.
You are more poisoned.
* * * LOW HITPOINT WARNING * * *
You are more poisoned.
You block the nagaraja's attack.
Your shield discharges, shocking the nagaraja!
The nagaraja constricts you!
* * * LOW HITPOINT WARNING * * *
The naga mage gestures wildly while chanting.
The naga mage seems to speed up.
The salamander mystic hits you with a +0 quarterstaff!
* * * LOW HITPOINT WARNING * * *
You are engulfed in flames.
You resist.
* * * LOW HITPOINT WARNING * * *
The naga mage casts a spell.
The naga mage seems to speed up.
You block the naga ritualist's attack.
Your shield discharges, shocking the naga ritualist!
You block the nagaraja's attack. The nagaraja constricts you.
* * * LOW HITPOINT WARNING * * *
The salamander mystic hits you but does no damage.
You feel much better.
* * * LOW HITPOINT WARNING * * *
You feel extremely sick.
* * * LOW HITPOINT WARNING * * *
You are more poisoned.
The naga ritualist's toxic aura wanes.
* * * LOW HITPOINT WARNING * * *
You are more poisoned.
The naga ritualist's toxic aura wanes.
The naga ritualist hits you with a +0 hand axe!
* * * LOW HITPOINT WARNING * * *
The nagaraja hits you with a +0 club.
* * * LOW HITPOINT WARNING * * *
The nagaraja constricts you!
You die... #..#...N.S... #(..........$ #.NNNNNNN.. .NNNNN.

.. ##NNN#
..#
#NNN###?.##
##NNN.....#
#.NNN.....#
#N@N#######
###)# #.#
..# ..# .##
.#


You could see a nagaraja (fast, strong, curare), a naga warrior (fast, curare),
4 naga sharpshooters, 3 salamander mystics, 3 naga ritualists, 9 naga magi and 3
nagas.

Vanquished Creatures
  Asterion (Snake:3)
  Agnes (D:14)
  Aizul (Snake:2)
  2 nagarajas (Snake:3)
  Nessos (D:14)
  A minotaur (Gauntlet)
  A dire elephant (D:15)
  A fire dragon (Volcano)
  A salamander tyrant (Snake:3)
  8 hydras
  7 ogre magi
  6 centaur warriors
  Erica (D:10)
  7 anacondas
  3 boulder beetles
  3 death yaks (Lair:5)
  20 two-headed ogres
  An occultist (Lair:5)
  12 naga warriors
  5 naga sharpshooters
  A tengu warrior (D:14)
  5 shock serpents
  A deep elf knight (D:13)
  A sun demon (Lair:5)
  Nergalle (Orc:2)
  A skyshark (Lair:3)
  A salamander mystic (Snake:4)
  Amaemon (Lair:2)
  A skeletal warrior (D:13)
  A death drake (Gauntlet)
  A sea snake (Snake:3)
  4 naga ritualists
  5 mana vipers
  3 deep elf pyromancers
  2 deep elf zephyrmancers (D:13)
  3 obsidian bats (Orc:2)
  2 harpies (Lair:2)
  A lindwurm (Lair:5)
  6 orc knights
  28 ugly things
  8 manticores
  A wolf spider (D:15)
  7 orc sorcerers (Orc:2)
  4 cyclopes
  9 elephants
  3 meliai (D:13)
  3 guardian serpents
  11 salamanders
  32 black mambas
  3 kobold blastminers (Orc:1)
  4 centaur skeletons (D:13)
  A guardian serpent (shapeshifter) (D:15)
  A smoke demon (Lair:5)
  10 naga magi
  Joseph (D:8)
  8 cane toads
  Maggie (D:10)
  4 gargoyles
  2 orange demons
  Jeremiah (D:8)
  2 rime drakes (Lair:5)
  A kobold demonologist (D:10)
  2 unseen horrors
  2 large abominations (Gauntlet)
  A tengu conjurer (D:14)
  A freezing wraith (D:15)
  15 komodo dragons
  3 ice devils (Lair:5)
  A harpy zombie (Gauntlet)
  2 red devils (Lair:5)
  5 polar bears
  4 hornets (Lair:5)
  3 trolls
  11 blink frogs (Lair:3)
  A dream sheep (Lair:3)
  A centaur simulacrum (D:15)
  18 slime creatures
  43 yaks
  2 shadows
  3 vampires
  10 wyverns
  2 wraiths
  5 basilisks
  2 water elementals
  Grum (D:8)
  9 fire bats (Volcano)
  5 steam dragons
  4 vampire mosquitoes (D:9)
  A warg (Orc:2)
  34 nagas
  24 water moccasins
  4 hell hounds (Lair:5)
  25 orc warriors
  A hornet zombie (D:7)
  An ice beast (D:5)
  A sky beast (D:7)
  3 black bears
  5 laughing skulls
  14 wolves
  18 ogres
  2 phantoms
  4 centaurs
  2 kobold brigands
  3 gnoll sergeants
  16 bullfrogs
  A bullfrog (shapeshifter) (D:12)
  5 small abominations (Gauntlet)
  2 scorpions
  18 wights
  13 killer bees
  5 howler monkeys
  3 electric eels
  2 bombardier beetles (D:5)
  4 centaur zombies (D:7)
  A gnoll bouda (D:2)
  A hound (D:4)
  17 orc priests
  A jelly (D:6)
  A sleepcap (D:4)
  2 boggart zombies (Gauntlet)
  2 iguanas
  33 orc wizards
  2 killer bee zombies (D:7)
  2 howler monkey zombies (D:7)
  11 gnolls
  8 adders
  2 shadow imps (D:7)
  4 white imps
  2 ufetubi (D:6)
  A ribbon worm (D:4)
  A dart slug (D:1)
  99 orcs
  6 ball pythons
  9 bats
  4 endoplasms
  2 giant cockroaches
  10 hobgoblins
  17 kobolds
  A quokka (D:2)
  2 frilled lizards
  6 goblins
  5 rats
888 creatures vanquished.

Vanquished Creatures (others)
  A steam dragon (Volcano)
  An orc wizard (Orc:2)
2 creatures vanquished.

Grand Total: 890 creatures vanquished

Notes
Turn   | Place    | Note
-------+----------+-------------------------------------------
     0 | D:1      | Autsider the Troll Fighter began the quest for the Orb.
     0 | D:1      | Reached XP level 1. HP: 22/22 MP: 0/0
   136 | D:1      | Reached XP level 2. HP: 29/29 MP: 1/1
   547 | D:2      | Reached XP level 3. HP: 36/36 MP: 2/2
   972 | D:2      | Reached skill level 3 in Unarmed Combat
  1265 | D:3      | Found a runed translucent gate.
  1265 | D:3      | Found a runed translucent gate.
  1265 | D:3      | Found a runed translucent gate.
  1267 | D:3      | Identified the +5 dagger "Meuttae" {vamp, rF+ rCorr SInv}
  1286 | D:3      | Found a snail-covered altar of Cheibriados.
  1320 | D:3      | Reached XP level 4. HP: 12/44 MP: 3/3
  1387 | D:3      | Reached XP level 5. HP: 53/53 MP: 4/4
  1690 | D:3      | Found Heilasel's Assorted Antiques.
  1819 | D:3      | Noticed senseless's ghost (amateur MiFi)
  1835 | D:3      | Found a roughly hewn altar of Beogh.
  1937 | D:4      | Reached skill level 4 in Unarmed Combat
  2009 | D:4      | Reached XP level 6. HP: 61/61 MP: 5/5
  2147 | D:4      | Found a staircase to the Ecumenical Temple.
  2177 | Temple   | Entered the Ecumenical Temple
  2206 | Temple   | Became a worshipper of the Wu Jian Council
  2378 | D:4      | Reached skill level 5 in Unarmed Combat
  2378 | D:4      | Reached XP level 7. HP: 64/68 MP: 6/6
  2610 | D:5      | Entered Level 5 of the Dungeon
  2614 | D:5      | Found Zireh's Assorted Antiques.
  2630 | D:5      | Identified 2 scrolls of acquirement
  2636 | D:5      | Bought a scroll labelled JOAFFA ZAWIMIL for 26 gold pieces
  2636 | D:5      | Bought a scroll labelled NUBRAOT OTORIU for 26 gold pieces
  3071 | D:5      | Reached * piety under Wu Jian
  3072 | D:5      | Reached skill level 6 in Unarmed Combat
  3075 | D:5      | Reached XP level 8. HP: 74/78 MP: 7/7
  3303 | D:5      | Acquired a talisman of death
  3585 | D:6      | Reached skill level 5 in Shields
  4146 | D:7      | Reached ** piety under Wu Jian
  4163 | D:7      | Found a flagged portal.
  4172 | D:7      | Reached skill level 7 in Unarmed Combat
  4179 | Bailey   | Entered a bailey
  4410 | Bailey   | Reached skill level 5 in Dodging
  4411 | Bailey   | Reached XP level 9. HP: 35/87 MP: 8/8
  4417 | Bailey   | Reached skill level 5 in Fighting
  4631 | Bailey   | Found a roughly hewn altar of Beogh.
  4631 | Bailey   | Noticed an orc knight
  4639 | Bailey   | Reached skill level 8 in Unarmed Combat
  4680 | Bailey   | Acquired a +2 tower shield of poison resistance
  4682 | Bailey   | Acquired a manual of Unarmed Combat
  4728 | Bailey   | Killed an orc knight
  4818 | D:7      | Reached skill level 9 in Unarmed Combat
  4860 | D:7      | Noticed a +0 hand axe
  4861 | D:7      | Noticed a +0 dagger
  4863 | D:7      | Found a hide-covered altar of Uskayaw.
  5045 | D:7      | Reached skill level 10 in Unarmed Combat
  5105 | D:7      | Reached *** piety under Wu Jian
  5136 | D:7      | Found a shadowy altar of Dithmenos.
  5314 | D:7      | Reached XP level 10. HP: 98/98 MP: 9/9
  5505 | D:8      | Noticed Jeremiah
  5531 | D:8      | Killed Jeremiah
  5555 | D:8      | Noticed Grum
  5562 | D:8      | Reached skill level 11 in Unarmed Combat
  5620 | D:8      | Killed Grum
  5639 | D:8      | Found Myunytur's Weapon Emporium.
  5691 | D:8      | Noticed a cyan ugly thing
  5699 | D:8      | Killed a cyan ugly thing
  5817 | D:8      | Noticed Joseph
  5830 | D:8      | Killed Joseph
  5945 | D:8      | Reached skill level 12 in Unarmed Combat
  5948 | D:8      | Identified the +5 robe of Zin's Castigation {^Drain Str+2
                  | Int+3}
  6011 | D:8      | Noticed a two-headed ogre
  6031 | D:8      | Killed a two-headed ogre
  6079 | D:8      | Noticed a two-headed ogre
  6101 | D:8      | Killed a two-headed ogre
  6102 | D:8      | Reached skill level 13 in Unarmed Combat
  6184 | D:8      | Reached XP level 11. HP: 94/107 MP: 10/10
  6678 | D:3      | Bought a scroll labelled SOEMUS BAOS for 27 gold pieces
  6879 | D:9      | Reached **** piety under Wu Jian
  7223 | D:9      | Acquired the +2 tower shield of Polish {+Inv rC+ rN+ MP-9}
  7226 | D:9      | Acquired the scarf "Ybra" {repulsion, rF+ Str+2}
  7554 | D:9      | Found a staircase to the Lair.
  7651 | D:10     | Entered Level 10 of the Dungeon
  7753 | D:10     | Reached skill level 14 in Unarmed Combat
  7837 | D:10     | Noticed a sixfirhy
  7856 | D:10     | Found a radiant altar of Vehumet.
  7911 | D:10     | Found a staircase to the Orcish Mines.
  7969 | D:10     | Identified the +6 quarterstaff of Crusades {holy, rPois
                  | Dex+4}
  8052 | D:10     | Noticed a two-headed ogre
  8061 | D:10     | Killed a two-headed ogre
  8145 | D:10     | Reached skill level 10 in Shields
  8241 | D:10     | Noticed Maggie
  8253 | D:10     | Killed Maggie
  8346 | D:10     | Found a bloodstained altar of Trog.
  8346 | D:10     | Noticed Erica
  8369 | D:10     | Killed Erica
  8370 | D:10     | Reached skill level 15 in Unarmed Combat
  8396 | D:10     | Found a shimmering altar of Xom.
  8396 | D:10     | Found a white marble altar of Elyvilon.
  8398 | D:10     | Found a stormy altar of Qazlal.
  8398 | D:10     | Found an ancient bone altar of Kikubaaqudgha.
  8398 | D:10     | Found a glowing silver altar of Zin.
  8469 | D:11     | Noticed a two-headed ogre
  8476 | D:11     | Killed a two-headed ogre
  8527 | D:11     | Found a faded altar of an unknown god.
  8535 | D:11     | Found a hazy altar of Hepliaklqana.
  8639 | D:11     | Found Xoywum's Magic Scroll Emporium.
  8650 | D:11     | Bought a scroll of identify for 26 gold pieces
  8650 | D:11     | Bought a scroll of identify for 26 gold pieces
  8650 | D:11     | Bought a scroll of identify for 26 gold pieces
  8650 | D:11     | Bought a scroll of identify for 26 gold pieces
  8763 | D:11     | Reached XP level 12. HP: 119/119 MP: 2/11
  8821 | D:11     | Noticed a two-headed ogre
  8832 | D:11     | Killed a two-headed ogre
  8965 | D:11     | Reached skill level 16 in Unarmed Combat
  9076 | D:11     | Found Guquothy's General Store.
  9078 | D:11     | Found Yjeichipp's Specific Store.
  9307 | D:12     | Noticed a two-headed ogre
  9319 | D:12     | Killed a two-headed ogre
  9558 | Lair:1   | Entered Level 1 of the Lair of Beasts
 10086 | Lair:1   | Noticed a boulder beetle
 10097 | Lair:1   | Killed a boulder beetle
 10420 | Lair:1   | Reached ***** piety under Wu Jian
 10917 | Lair:2   | Found a staircase to the Snake Pit.
 10991 | Lair:2   | Found a staircase to the Shoals.
 11089 | Lair:2   | Noticed Amaemon
 11104 | Lair:2   | Killed Amaemon
 11377 | Lair:2   | Noticed a four-headed hydra
 11385 | Lair:2   | Killed an 11-headed hydra
 11386 | Lair:2   | Reached skill level 17 in Unarmed Combat
 11471 | Lair:3   | Noticed a five-headed hydra
 11664 | Lair:4   | Reached XP level 13. HP: 119/130 MP: 3/12
 12835 | Lair:3   | Got the Book of Forces
 13117 | Lair:3   | Reached skill level 18 in Unarmed Combat
 13473 | Lair:5   | Entered Level 5 of the Lair of Beasts
 13518 | Lair:5   | Found a viscous altar of Jiyva.
 13518 | Lair:5   | Found a staircase to the Slime Pits.
 13596 | Lair:5   | Reached ****** piety under Wu Jian
 13699 | Lair:5   | Reached XP level 14. HP: 141/141 MP: 4/13
 13724 | Lair:5   | Found a burning altar of Makhleb.
 14101 | Lair:5   | Reached skill level 10 in Dodging
 14104 | Lair:5   | Reached skill level 10 in Fighting
 14831 | Lair:5   | Found a gateway to Hell.
 15197 | Orc:1    | Entered Level 1 of the Orcish Mines
 15355 | Orc:1    | Found Nemopp's Distillery.
 15380 | Orc:1    | Reached skill level 19 in Unarmed Combat
 15638 | Orc:1    | Found a dark tunnel.
 15643 | Volcano  | Entered a volcano
 16360 | Orc:2    | Entered Level 2 of the Orcish Mines
 16541 | Orc:2    | Found a staircase to the Elven Halls.
 16577 | Orc:2    | Found Tafif's Book Shoppe.
 16602 | Orc:2    | Found Detitos's Distillery.
 16629 | Orc:2    | Found an ancient bone altar of Kikubaaqudgha.
 16629 | Orc:2    | Noticed Nergalle
 16649 | Orc:2    | Killed Nergalle
 16711 | Orc:2    | Found a radiant altar of Vehumet.
 16742 | Orc:2    | Found a roughly hewn altar of Beogh.
 16742 | Orc:2    | Found Izuanket's Jewellery Emporium.
 16753 | Orc:2    | Reached XP level 15. HP: 152/152 MP: 5/14
 16770 | Orc:2    | Found Anecwif's Antique Weapon Shoppe.
 16884 | Orc:2    | Paralysed by an orc sorcerer for 4 turns
 16971 | Orc:2    | Found a roughly hewn altar of Beogh.
 17442 | D:12     | Found a roughly hewn altar of Beogh.
 17476 | D:12     | Reached skill level 15 in Shields
 17480 | D:12     | Reached skill level 20 in Unarmed Combat
 17621 | D:12     | Found Ytsengac's Armour Boutique.
 17627 | D:12     | Bought the +5 Storm Queen's Shield {shock, Fly rElec} for
                  | 547 gold pieces
 17627 | D:12     | Found the +5 Storm Queen's Shield {shock, Fly rElec}
 17865 | D:13     | Found Deckux's Book Boutique.
 18028 | D:13     | Found a gate to the Vaults.
 18112 | D:13     | Found a glowing silver altar of Zin.
 18475 | D:13     | Identified the +4 quarterstaff "Eleom" {freeze, rF+ Str+5}
 18642 | D:14     | Noticed Nessos
 18654 | D:14     | Killed Nessos
 18690 | D:14     | Found a gate leading to a gauntlet.
 18706 | Gauntlet | Entered a Gauntlet
 18706 | Gauntlet | Found a transporter.
 18721 | Gauntlet | Found a transporter.
 18736 | Gauntlet | Found a transporter.
 18741 | Gauntlet | Found a transporter.
 18756 | Gauntlet | Found a transporter.
 18775 | Gauntlet | Found a transporter.
 18787 | Gauntlet | Found a transporter.
 18793 | Gauntlet | Found a transporter.
 18808 | Gauntlet | Found a transporter.
 18820 | Gauntlet | Found a transporter.
 18832 | Gauntlet | Found a transporter.
 18849 | Gauntlet | Found a transporter.
 18849 | Gauntlet | Found a transporter.
 18869 | Gauntlet | Found a transporter.
 18956 | Gauntlet | Found a transporter.
 18981 | Gauntlet | Found a transporter.
 18983 | Gauntlet | Found a transporter.
 19003 | Gauntlet | Found a transporter.
 19170 | Gauntlet | Identified the ring "Tidos" {*Slow rF+ MP+9 Str+3 Dex+3}
 19218 | Gauntlet | Got Qufow's Compilation of Creative Lithomancy
 19222 | D:14     | Noticed Agnes
 19230 | D:14     | Killed Agnes
 19374 | D:14     | Reached skill level 21 in Unarmed Combat
 19625 | D:15     | Entered Level 15 of the Dungeon
 19765 | D:15     | Found a staircase to the Depths.
 19808 | D:15     | Reached XP level 16. HP: 165/165 MP: 15/15
 20139 | D:15     | Paralysed by an ogre mage for 3 turns
 20639 | Snake:1  | Entered Level 1 of the Snake Pit
 20777 | Snake:1  | Found Emyrghi's Distillery.
 21501 | Snake:1  | Reached skill level 22 in Unarmed Combat
 21581 | Snake:1  | Found Nuigaov's Assorted Antiques.
 21590 | Snake:1  | Bought a scroll labelled COADIN NUMUHO for 28 gold pieces
 21733 | Snake:1  | Found Ovocaluku's Magic Scroll Shop.
 21736 | Snake:1  | Bought a scroll of enchant armour for 142 gold pieces
 21736 | Snake:1  | Bought a scroll of teleportation for 57 gold pieces
 21736 | Snake:1  | Bought a scroll of blinking for 142 gold pieces
 21745 | Snake:1  | Found Gisukhlaul's Antique Weapon Shoppe.
 21760 | Snake:1  | Reached skill level 1 in Armour
 22109 | Snake:2  | Identified the +9 trident of Haixecw {venom, rPois}
 22271 | Snake:2  | Found Corock's Jewellery Shoppe.
 22271 | Snake:2  | Found Muug's Book Shop.
 22273 | Snake:2  | Found Ilycy's Jewellery Shoppe.
 22273 | Snake:2  | Identified the serpent talisman of Cloud Cover {Str+3
                  | Stlth+}
 22273 | Snake:2  | Noticed Aizul
 22290 | Snake:2  | Killed Aizul
 22464 | Snake:2  | Reached skill level 1 in Shapeshifting
 22771 | Snake:3  | Noticed Asterion
 22784 | Snake:3  | Killed Asterion
 23091 | Snake:3  | Reached XP level 17. HP: 171/178 MP: 16/16
 23434 | Snake:4  | Entered Level 4 of the Snake Pit
 23865 | Snake:3  | Reached skill level 5 in Shapeshifting
 23882 | Snake:4  | HP: 5/178 [naga ritualist/+0 hand axe (8)]
 23882 | Snake:4  | Constricted to death by a nagaraja

Illustrated notes

Levels and vault maps discovered:
D:1:      dpeg_arrival_shelter, layout_basic
D:2:      layout_basic
D:3:      layout_rooms, cheibriados_altar_1, biasface_ghost_orc_armoury,
          serial_shops, nicolae_square_shop
D:4:      layout_basic, minmay_temple_entry_slanted, minmay_misc_feat_rows
D:5:      layout_rooms, serial_shops, shop
D:6:      layout_loops_corners
D:7:      layout_gridville, mainiacjoe_overflow_tiny_flanked,
          dancing_weapons_uskayaw, enter_bailey_2, serial_undead,
          serial_undead_d, serial_undead_f, serial_undead_f, serial_undead_e,
          serial_undead_f, minmay_diced_spiral
D:8:      layout_cave_pods, serial_shops, shop, uniq_jeremiah, uniq_joseph,
          uniq_grum
D:9:      layout_roguey, erik_lair_dragon, nicolae_wwwww
D:10:     layout_long_grid, doesnt_xom_only_xom, vehumet_crystals, david_orc_2,
          uniq_maggie, uniq_erica
D:11:     layout_basic, serial_shops, shop, nicolae_specific_store,
          beargit_hepliaklqana_dungeon_heroes
D:12:     layout_rooms, serial_shops, kennysheep_little_box, special_room
          [special_room_orc]
D:13:     layout_roguey, hangedman_vaults_entry_quadrant_bands, serial_shops,
          nicolae_shop_crystal, zin_scriptorium
D:14:     layout_rooms, minivault_14, gauntlet_entry_generic, uniq_nessos,
          uniq_agnes
D:15:     hangedman_depths_entry_try_elsewhere_first, layout_basic,
          chequers_serial_rivers_marsh
Temple:   bh_familiar_temple
Lair:1:   layout_layer_cave
Lair:2:   layout_gridlike, nicolae_shoals_entry_roost,
          nicolae_snake_entry_squirm, uniq_amaemon
Lair:3:   nzn_winding_woodlands_small [nzn_winding_woodlands_5x15_concentric,
          nzn_winding_woodlands_center_garden,
          nzn_winding_woodlands_5x15_sawtooth], layout_big_grid,
          chequers_serial_rivers_micro_e, beast_lair_carwin_4,
          infiniplex_staircase_pool
Lair:4:   layout_layer_cave, lemuel_fruit_fields
Lair:5:   evil_forest, layout_hall_layers, slime_entry_1, dreamdust_wasp_nest
Snake:1:  layout_gridlike, serial_shops, nicolae_shop_just_a_little_nook,
          nicolae_shop_behind_doors, nicolae_shop_real_fake_doors,
          nicolae_shop_tiny_real_fake_doors, grunt_megastairs_4
Snake:2:  layout_concentric_octagons, grunt_megastairs_5, minmay_shop_grove,
          uniq_aizul
Snake:3:  layout_cave_town, nicolae_snake_snakes_in_the_grass,
          serial_bayou_shore_a, uniq_asterion
Snake:4:  snake_pit, layout_concentric_octagons, uniq_vashnia
Orc:1:    cheibrodos_orc_bank, layout_caves, enter_volcano_4, serial_shops,
          nicolae_shop_industrial_runoff, uniq_fannar
Orc:2:    kennysheep_orc_mage_school, layout_caves, minmay_orc_temple_b

Skill      XL: |  1  2  3  4  5  6  7  8  9 10 11 12 13 14 15 16 17 |
---------------+----------------------------------------------------+-----
Shields        | 3 4 5 7 8 10 12 13 14 15 16 | 16.0
Unarmed Combat | 3 4 5 6 7 10 13 15 17 18 19 21 22 | 22.0
Dodging        | 3 4 5 6 7 8 9 10 | 10.0
Fighting       | 3 4 5 6 7 8 9 10 11 13 | 13.5
Armour         | 3 4 |  4.7
Shapeshifting  | 3 5 |  5.2

Action                     |  1- 3 |  4- 6 |  7- 9 | 10-12 | 13-15 | 16-18 || total
---------------------------+-------+-------+-------+-------+-------+-------++-------
  Melee: Unarmed           |    98 |   130 |   351 |   564 |  1199 |   515 ||  2857
         Dagger            |       |       |       |    89 |       |       ||    89
 Invoke: Serpent's Lash    |       |       |       |     4 |     4 |     2 ||    10
Ability: Lunge             |       |     1 |    29 |    64 |    76 |    37 ||   207
         Whirlwind         |       |       |    15 |    37 |    46 |    12 ||   110
  Evoke: Wand              |       |       |       |     1 |       |       ||     1
    Use: Scroll            |       |       |    13 |    13 |    10 |     7 ||    43
         Potion            |       |       |     3 |       |     3 |     3 ||     9
   Stab: Sleeping          |       |     1 |     2 |     2 |     2 |       ||     7
 Armour: Robe              |    68 |    87 |   219 |   302 |   443 |    25 ||  1144
         Gold dragon scale |       |       |       |       |       |   318 ||   318
  Dodge: Dodged            |    35 |    34 |   110 |   145 |   230 |    60 ||   614
         Repelled          |       |       |       |     5 |    20 |    32 ||    57
  Block: Kite shield       |    25 |    41 |   167 |    64 |   176 |   434 ||   907
         Tower shield      |       |       |       |   460 |   835 |       ||  1295

Table legend: (Time is in decaauts)
 A = Elapsed time spent in this place.
 B = Non-inter-level travel time spent in this place.
 C = Inter-level travel time spent in this place.
 D = Time resting spent in this place.
 E = Time spent auto-exploring this place.
 F = Levels seen in this place.
 G = Mean time per level.
                   A        B        C        D        E       F      G
               +--------+--------+--------+--------+--------+-----+--------+
         Total |  23452 |  21384 |   2068 |   1036 |  14751 |  30 |  781.7 |
       Dungeon |  11672 |  10494 |   1178 |    121 |   7725 |  15 |  778.1 |
        Temple |     58 |      3 |     55 |      0 |      0 |   1 |   58.0 |
          Lair |   5785 |   5226 |    559 |    223 |   3847 |   5 | 1157.0 |
     Snake Pit |   2846 |   2655 |    191 |    429 |   1671 |   4 |  711.5 |
  Orcish Mines |   1416 |   1332 |     84 |     27 |    885 |   2 |  708.0 |
        Bailey |    588 |    588 |      0 |    184 |     20 |   1 |  588.0 |
       Volcano |    582 |    582 |      0 |     13 |    305 |   1 |  582.0 |
      Gauntlet |    501 |    501 |      0 |     38 |    298 |   1 |  501.0 |
               +--------+--------+--------+--------+--------+-----+--------+

Top non-repeatable levels by time:
  Lair:5: 1451 daAuts
  Lair:4: 1278 daAuts
  Lair:1: 1270 daAuts
 Snake:3: 1061 daAuts
 Snake:1: 1019 daAuts
     D:8: 975 daAuts
     D:9: 972 daAuts
  Lair:3: 963 daAuts
    D:11: 932 daAuts
     D:7: 920 daAuts
    D:10: 896 daAuts
   Orc:2: 883 daAuts
     D:6: 835 daAuts
  Lair:2: 822 daAuts
     D:2: 812 daAuts
